 Dungeon Crawl Stone Soup version 0.29-a0-887-gcbe080d7e0 (webtiles) character file.

Game seed: 13860827377211470809

3511 SneepSnoop the Protected (level 9, -5/83 HPs)
             Began as a Minotaur Berserker on July 21, 2022.
             Was a Priest of Trog.
             Asphyxiated
             ... on level 8 of the Dungeon.
             The game lasted 00:36:05 (8702 turns).

SneepSnoop the Protected (Minotaur Berserker)       Turns: 8702, Time: 00:36:07

Health: -5/83      AC: 12    Str: 26    XL:     9   Next: 81%
Magic:  8/8        EV: 12    Int:  4    God:    Trog [***...]
Gold:   351        SH:  0    Dex: 10    Spells: 8/8 levels left

rFire   + + .      SeeInvis .   F - +3 flail (freeze)
rCold   + . .      Faith    .   (no shield)
rNeg    . . .      Spirit   .   p - +5 ring mail {rF+}
rPois   .          Reflect  .   (helmet restricted)
rElec   .          Harm     .   (no cloak)
rCorr   .          Rampage  .   (no gloves)
Will    .....                   (no boots)
Stlth   ..........              (no amulet)
HPRegen 0.23/turn               x - ring of protection from cold
MPRegen 0.11/turn               A - ring of protection from fire

@: lethally poisoned (-5 -> -26), on berserk cooldown, slowed, very slow
A: horns 2, retaliatory headbutt
a: Renounce Religion, Berserk, Trog's Hand


You were on level 8 of the Dungeon.
You worshipped Trog.
Trog was most pleased with you.
You visited 1 branch of the dungeon, and saw 8 of its levels.

You collected 351 gold pieces.

Inventory:

Hand Weapons
 c - a +2 whip of venom
 f - a +0 sling of freezing
 F - a +3 flail of freezing (weapon)
Missiles
 b - a curare-tipped dart
 u - 11 poisoned darts (quivered)
 B - 5 atropa-tipped darts
Armour
 o - a +1 cloak of poison resistance
 p - a +5 ring mail of fire resistance (worn)
 C - a +0 tower shield
Jewellery
 x - a ring of protection from cold (left hand)
 A - a ring of protection from fire (right hand)
 E - a ring of fire
Wands
 a - a wand of mindburst (4)
 k - a wand of charming (13)
 l - a wand of flame (55)
 w - a wand of iceblast (7)
Scrolls
 d - a scroll of vulnerability {unknown}
 h - 3 scrolls of identify
 s - 6 scrolls of teleportation
 y - a scroll of enchant weapon {unknown}
Potions
 e - 3 potions of curing
 g - 2 potions of brilliance
 i - 3 potions of haste
 j - 4 potions of heal wounds
 m - a potion of ambrosia {unknown}
 n - a potion of cancellation {unknown}
 q - a potion of mutation {unknown}
 r - 2 potions of flight {unknown}
 t - a potion of lignification {unknown}
 v - a potion of degeneration {unknown}
 z - a potion of attraction {unknown}
 D - 2 potions of might {unknown}


   Skills:
 + Level 9.2 Fighting
 - Level 3.6(6.4) Axes
 + Level 8.2(8.6) Maces & Flails
 * Level 11.3 Armour
 - Level 4.5 Dodging


You had 8 spell levels left.
You didn't know any spells.
Your spell library was empty.

Dungeon Overview and Level Annotations

Branches:
Dungeon (8/15)             Temple (0/1) D:4
   Lair: D:8-11

Altars:
Ashenzari
Dithmenos
Elyvilon
Fedhas
Hepliaklqana
Makhleb
Qazlal
Ru
Trog
Uskayaw
Yredelemnul
Zin
The Shining One

Shops:
D:1 *

Annotations:
D:4 3 runed translucent doors, benadryl's ghost, amateur DjIE


Innate Abilities, Weirdness & Mutations

You have a pair of horns on your head.
You reflexively headbutt those who attack you in melee.


Message History

An orc wizard comes into view. It is wielding a +0 dagger.
The kobold brigand throws a curare-tipped dart.
The curare-tipped dart barely misses you.
A sky beast comes into view.
You barely miss the centaur. You headbutt the centaur!
The centaur is almost dead.
You feel sick. The centaur hits you.
The centaur kicks you but does no damage.
The sky beast flickers out of sight!
Deactivating autopickup; reactivate with Ctrl-A.
The centaur closely misses you.
The centaur kicks you but does no damage.
You are no longer berserk.
You are exhausted.
You feel as though you will be slow longer.
You feel sick.
You feel sick.
The centaur wields a +0 shortbow.
The centaur shoots an arrow.
The arrow hits you!
The centaur shoots an arrow.
The arrow hits you but does no damage.
The kobold brigand throws a curare-tipped dart.
The curare-tipped dart hits you.
You are more poisoned.
You have difficulty breathing.
You feel as though you will be slow longer.
You hear a shout!
You feel very sick.
You hear a shout!
The centaur shoots an arrow.
The arrow hits you!
* * * LOW HITPOINT WARNING * * *
The centaur shoots an arrow.
The arrow hits you but does no damage.
The centaur shoots an arrow.
The arrow hits you.
* * * LOW HITPOINT WARNING * * *
The kobold shouts!
You feel sick.
The centaur shoots an arrow.
The arrow hits you!
* * * LOW HITPOINT WARNING * * *
The kobold brigand throws a curare-tipped dart.
The curare-tipped dart hits you.
You are more poisoned.
You have difficulty breathing.
You die...

..#......... o{ ..
..#........ .##..
......>...# o..#
..........###...
.............#
#.........# ###
#.........###.##
#..$.....oc#...#
......#.#..#.K..@.##
......####.#.......#
.....# #.....##..#
......##..##......##
..#.....K.........###
#K#.........#.......#
..........###.......#
......##..##....#...#
...##...........#####


You could see a kobold brigand, a centaur and an orc.

Vanquished Creatures
  Prince Ribbit (D:6)
  A wraith (D:8)
  A wyvern (D:7)
  Duvessa (D:4)
  2 water moccasins
  3 black bears
  An ice beast (D:6)
  3 ogres
  A bullfrog (D:7)
  A kobold brigand (D:6)
  5 necrophages
  3 scorpions
  A water moccasin zombie (D:5)
  10 wights
  Dowan (D:4)
  A bullfrog zombie (D:5)
  2 hounds
  4 orc priests
  2 jellies
  Crazy Yiuf (D:2)
  3 iguanas
  Ijyb (D:3)
  Terence (D:2)
  6 orc wizards
  A hound zombie (D:5)
  Robin (D:4)
  A gnoll (D:1)
  11 adders
  4 ufetubi
  An adder zombie (D:5)
  2 worms
  3 dart slugs
  25 orcs
  7 endoplasms
  2 giant cockroaches (D:4)
  12 goblins
  10 hobgoblins
  4 jackals (D:4)
  3 quokkas
  6 ball pythons
  10 bats
  2 frilled lizards (D:3)
  5 kobolds
  4 rats (D:1)
  A bush (D:5)
171 creatures vanquished.

Vanquished Creatures (others)
  12 plants
12 creatures vanquished.

Grand Total: 183 creatures vanquished

Notes
Turn   | Place    | Note
-------+----------+-------------------------------------------
     0 | D:1      | SneepSnoop the Minotaur Berserker began the quest for the
                  | Orb.
     0 | D:1      | Reached XP level 1. HP: 19/19 MP: 0/0
   307 | D:1      | Reached XP level 2. HP: 26/27 MP: 1/1
   605 | D:1      | Reached skill level 1 in Maces & Flails
   684 | D:1      | Found Reg Wuapluu's Assorted Antiques.
   732 | D:1      | Reached skill level 3 in Armour
   738 | D:1      | Reached XP level 3. HP: 31/33 MP: 2/2
   774 | D:1      | Found a faded altar of an unknown god.
   994 | D:1      | Reached ** piety under Trog
  1246 | D:2      | You fall into a shaft and drop 1 floor!
  1269 | D:3      | Reached XP level 4. HP: 11/41 MP: 3/3
  1601 | D:3      | Found a hazy altar of Hepliaklqana.
  1803 | D:2      | Found a runed translucent door.
  1804 | D:2      | Noticed Crazy Yiuf
  1817 | D:2      | Killed Crazy Yiuf
  2192 | D:2      | Noticed Terence
  2204 | D:2      | Killed Terence
  2205 | D:2      | Reached XP level 5. HP: 47/47 MP: 4/4
  2672 | D:3      | Reached skill level 4 in Armour
  2754 | D:3      | Reached skill level 5 in Fighting
  3104 | D:3      | Found a glowing golden altar of the Shining One.
  3104 | D:3      | Found a white marble altar of Elyvilon.
  3104 | D:3      | Found a glowing silver altar of Zin.
  3174 | D:4      | Noticed Duvessa
  3174 | D:4      | Noticed Dowan
  3174 | D:4      | Noticed an ogre
  3276 | D:4      | Killed an ogre
  3277 | D:4      | Reached XP level 6. HP: 56/56 MP: 5/5
  3328 | D:4      | Noticed Ijyb
  3363 | D:3      | Killed Ijyb
  3398 | D:4      | Killed Dowan
  3432 | D:4      | Killed Duvessa
  3433 | D:4      | Reached skill level 5 in Armour
  3433 | D:4      | Reached XP level 7. HP: 62/62 MP: 6/6
  3514 | D:4      | Found a runed translucent gate.
  3514 | D:4      | Found a runed translucent gate.
  3621 | D:4      | Found a runed translucent gate.
  3626 | D:4      | Noticed benadryl's ghost (amateur DjIE)
  3658 | D:4      | Noticed Robin
  3663 | D:4      | Killed Robin
  3683 | D:4      | Reached *** piety under Trog
  3750 | D:4      | Found a staircase to the Ecumenical Temple.
  3848 | D:4      | Found a sacrificial altar of Ru.
  4118 | D:5      | Entered Level 5 of the Dungeon
  4199 | D:5      | Reached skill level 6 in Armour
  4419 | D:5      | Reached skill level 5 in Maces & Flails
  4921 | D:5      | Reached skill level 7 in Armour
  4921 | D:5      | Reached XP level 8. HP: 71/71 MP: 7/7
  5544 | D:5      | Found a blossoming altar of Fedhas.
  5821 | D:5      | Reached skill level 8 in Armour
  6282 | D:6      | Noticed Prince Ribbit
  6300 | D:6      | Killed Prince Ribbit
  6301 | D:6      | Reached skill level 9 in Armour
  6762 | D:6      | Reached XP level 9. HP: 54/81 MP: 8/8
  6928 | D:6      | Found a broken altar of Ashenzari.
  6929 | D:6      | Found a basalt altar of Yredelemnul.
  6929 | D:6      | Found a burning altar of Makhleb.
  6931 | D:6      | Found a stormy altar of Qazlal.
  6934 | D:6      | Found a bloodstained altar of Trog.
  6934 | D:6      | Found a hide-covered altar of Uskayaw.
  6935 | D:6      | Found a shadowy altar of Dithmenos.
  7598 | D:7      | Reached skill level 10 in Armour
  8399 | D:7      | Reached skill level 11 in Armour
  8702 | D:8      | HP: 3/83 [centaur/arrow (10)]
  8702 | D:8      | Asphyxiated

Illustrated notes

Levels and vault maps discovered:
D:1:      dpeg_arrival_signposts, layout_basic,
          hellmonk_ecumenical_altar_crossroads, serial_shops,
          nicolae_shop_overgrown_old_shop, minmay_misc_feat_tiny,
          minmay_tiny_reverse_x
D:2:      layout_rooms, uniq_terence, uniq_crazy_yiuf_cottage
D:3:      layout_basic, good_gods_mini_temple, mainiacjoe_overflow_paths,
          grunt_decor_fettered, kennysheep_cross_room
D:4:      layout_basic, nicolae_ru_the_path_less_chosen,
          minmay_temple_entry_stoned_glass, ebering_ghost_rock_garden,
          uniq_duvessa, uniq_ijyb, uniq_robin
D:5:      layout_basic, fedhas_altar_decomposition, reono_crystal_passage
D:6:      layout_rooms, grunt_temple_overflow_open, uniq_prince_ribbit1
D:7:      layout_loops_ring, hangedman_abyss_or_decor_stagger
D:8:      layout_cave_pools

Skill      XL: |  1  2  3  4  5  6  7  8  9 |
---------------+----------------------------+-----
Fighting       | 4 5 6 8 9 |  9.2
Maces & Flails | 1 2 3 4 5 6 8 |  8.2
Armour         | 3 4 5 7 9 11 | 11.3
Dodging        | 3 4 |  4.5
Axes           | |  3.6

Action                   |  1- 3 |  4- 6 |  7- 9 || total
-------------------------+-------+-------+-------++-------
Melee: Whip              |    54 |    96 |   279 ||   429
       Hand axe          |     3 |       |       ||     3
       Headbutt          |     7 |    14 |    69 ||    90
       Punch             |       |       |     4 ||     4
       Flail             |       |       |    42 ||    42
Invok: Berserk           |     2 |     4 |    12 ||    18
       Trog's Hand       |       |     2 |       ||     2
  Use: Scroll            |       |     9 |     1 ||    10
       Potion            |       |     1 |       ||     1
Armor: Animal skin       |     7 |     4 |       ||    11
       Chain mail        |       |    26 |       ||    26
       Ring mail         |       |       |    98 ||    98
Dodge: Dodged            |    23 |    50 |   162 ||   235

Table legend: (Time is in decaauts)
 A = Elapsed time spent in this place.
 B = Non-inter-level travel time spent in this place.
 C = Inter-level travel time spent in this place.
 D = Time resting spent in this place.
 E = Time spent auto-exploring this place.
 F = Levels seen in this place.
 G = Mean time per level.
                   A        B        C        D        E       F      G
               +--------+--------+--------+--------+--------+-----+--------+
         Total |   8830 |   8238 |    592 |   2805 |   3408 |   8 | 1103.8 |
       Dungeon |   8830 |   8238 |    592 |   2805 |   3408 |   8 | 1103.8 |
               +--------+--------+--------+--------+--------+-----+--------+

Top non-repeatable levels by time:
     D:5: 2159 daAuts
     D:7: 1425 daAuts
     D:3: 1390 daAuts
     D:1: 1337 daAuts
     D:2: 876 daAuts
     D:4: 768 daAuts
     D:6: 668 daAuts
     D:8: 204 daAuts
